 Dungeon Crawl Stone Soup version 0.21.1-1-g345015fe64 (webtiles) character file.

136642 Peloso the Hoplite (level 16, -8/146 HPs)
             Began as a Minotaur Fighter on June 27, 2018.
             Was the Champion of Okawaru.
             Mangled by Polyphemus (15 damage)
             ... on level 2 of the Shoals.
             The game lasted 01:39:35 (31331 turns).

Peloso the Hoplite (Minotaur Fighter)              Turns: 31331, Time: 01:39:35

Health: -8/146     AC: 27    Str: 29    XL:     16   Next: 67%
Magic:  17/17      EV:  2    Int:  8    God:    Okawaru [******]
Gold:   1482       SH:  0    Dex: 10    Spells: 15/15 levels left

rFire    + + .     SeeInvis +   v - +3 double sword (elec)
rCold    . . .     Gourm    .   C - +0 shield {reflect}
rNeg     + + +     Faith    +   N - +0 chain mail of Morality {rF+ Regen+ SInv Stlth+}
rPois    ∞         Spirit   .   u - +2 hat {MR+}
rElec    +         Reflect  +   z - +5 cloak of Surprise {+Blink rPois rF+ Int+3}
rCorr    +         Harm     .   g - +2 pair of gloves
MR       ++...                  S - +0 pair of boots {Fly}
Stlth    ..........             L - amulet of faith
HPRegen  0.74/turn              m - ring "Laakh" {rElec rPois EV+3 Str+3 Dex-2}
MPRegen  0.15/turn              l - ring of resist corrosion

@: petrified, flying
A: retaliatory headbutt, horns 2
a: Heroism, Finesse, Renounce Religion, Evoke Blink, Stop Flying


You were on level 2 of the Shoals.
You worshipped Okawaru.
Okawaru was exalted by your worship.
You were hungry.

You visited 6 branches of the dungeon, and saw 30 of its levels.
You also visited: Labyrinth and Ice Cave.

You collected 2371 gold pieces.
You spent 889 gold pieces at shops.

Inventory:

Hand Weapons
 a - the +5 long sword "Laofisao" {drain, rN+ Dex+2}
   (Okawaru gifted it to you in an ice cave)

   A truly terrible weapon, it drains the life of those it strikes.
   It affects your dexterity (+2).
   It protects you from negative energy.
 c - a +3 scimitar of flaming
 v - a +3 double sword of electrocution (weapon)
Armour
 g - a +2 pair of gloves (worn)
 k - a +0 pair of boots of running
 q - the +0 pair of boots of the Salamander {+Fly rF+ rN+ Dex+4}
   (Okawaru gifted it to you on level 1 of the Snake Pit)

   It affects your dexterity (+4).
   It protects you from fire.
   It protects you from negative energy.
   It lets you fly.
 r - a +0 plate armour
 u - a +2 hat of magic resistance (worn)
 z - the +5 cloak of Surprise (worn) {+Blink rPois rF+ Int+3}
   (Okawaru gifted it to you on level 13 of the Dungeon)

   It affects your intelligence (+3).
   It protects you from fire.
   It protects you from poison.
   It lets you blink.
 B - the +0 chain mail of Okawaru's Supremacy {Dex+4}
   (Okawaru gifted it to you on level 3 of the Snake Pit)

   It affects your dexterity (+4).
 C - a +0 shield of reflection (worn)
 D - a scarf of cloud immunity
 N - the +0 chain mail of Morality (worn) {rF+ Regen+ SInv Stlth+}
   (You bought it in a shop on level 2 of the Shoals)

   It protects you from fire.
   It lets you see invisible.
   It increases your rate of regeneration.
   It makes you more stealthy.
 S - a +0 pair of boots of flying (worn)
Jewellery
 h - the brooch of Shielding {Reflect SH+8}
   (You took it off a minotaur in a labyrinth)

   [amulet of reflection]

   It shields you and reflects attacks.
   It affects your SH (+8).
 l - a ring of resist corrosion (right hand)
 m - the ring "Laakh" (left hand) {rElec rPois EV+3 Str+3 Dex-2}
   (You bought it in a shop on level 1 of the Snake Pit)

   [ring of evasion]

   It affects your evasion (+3).
   It affects your strength (+3).
   It affects your dexterity (-2).
   It insulates you from electricity.
   It protects you from poison.
 s - a +6 amulet of reflection
 G - a +3 ring of intelligence
 L - an amulet of faith (around neck)
 Q - an uncursed amulet of the gourmand {unknown}
Wands
 b - a wand of acid (20)
 o - a wand of polymorph (25)
 J - a wand of digging (13)
Scrolls
 e - 15 scrolls of teleportation
 p - 3 scrolls of magic mapping
 x - a scroll of summoning
 y - a scroll of fog
 F - 11 scrolls of identify
 H - a scroll of silence
 I - 2 scrolls of remove curse
 K - a scroll of blinking
 O - 5 scrolls of fear
Potions
 d - 6 potions of might
 i - a potion of resistance
 j - 15 potions of curing
 n - 5 potions of haste
 t - 2 potions of cancellation
 w - a potion of brilliance
 A - a potion of flight
 E - 2 potions of berserk rage
 M - a potion of agility
Comestibles
 f - 46 rations
 P - 3 chunks of flesh


   Skills:
 + Level 14.2 Fighting
 + Level 16.9 Long Blades
 + Level 14.3 Armour
 + Level 7.2 Dodging
 + Level 2.0 Stealth
 + Level 21.3 Shields
 + Level 3.3 Invocations
 + Level 0.9 Evocations


You had 15 spell levels left.
You didn't know any spells.

Dungeon Overview and Level Annotations

Branches:
Dungeon (15/15)            Temple (1/1) D:6            Lair (6/6) D:11
 Shoals (3/4) Lair:3        Snake (3/4) Lair:3        Slime (0/5) Lair:5
    Orc (2/2) D:11            Elf (0/3) Orc:2        Vaults (0/5) D:13
 Depths (0/5) D:15

Altars:
Ashenzari
Cheibriados
Dithmenos
Elyvilon
Fedhas
Gozag
Hepliaklqana
Kikubaaqudgha
Makhleb
Nemelex Xobeh
Okawaru
Qazlal
Ru
Sif Muna
Trog
Uskayaw
Vehumet
Wu Jian
Xom
Yredelemnul
Zin
The Shining One
Beogh

Shops:
D:3 *   D:4 *   D:11 *   Orc:2 ![[(   Shoals:2 [   Snake:1 (=!   Snake:2 ==}

Portals:
Hell: Lair:6
Trove: D:10 (give 17 potions of curing)

Annotations:
Shoals:2 Polyphemus


Innate Abilities, Weirdness & Mutations

You reflexively headbutt those who attack you in melee.
You have a pair of horns on your head.


Message History

The death yak gores you but does no damage. x2
The death yak gores you but does no damage.
The catoblepas gores you.
* * * LOW HITPOINT WARNING * * *
Polyphemus hits you.
* * * LOW HITPOINT WARNING * * *
Polyphemus hits you but does no damage. The death yak completely misses you.
The death yak gores you but does no damage.
The death yak gores you!
* * * LOW HITPOINT WARNING * * *
The catoblepas gores you.
* * * LOW HITPOINT WARNING * * *
Polyphemus barely misses you. Polyphemus hits you but does no damage.
The death yak gores you but does no damage. x2
The death yak gores you!
* * * LOW HITPOINT WARNING * * *
The catoblepas gores you!
* * * LOW HITPOINT WARNING * * *
Polyphemus hits you!!
You die...

≈≈≈≈≈≈≈≈≈≈≈≈≈≈≈≈P≈(.≈≈≈≈≈P#P.P###
≈≈≈≈≈≈≈≈≈≈≈≈≈≈≈≈P≈≈.≈P.≈≈P#P.P.##
≈≈≈≈≈≈≈≈≈≈≈≈≈≈≈≈≈≈≈≈P≈.≈≈PP.P....
≈≈≈≈≈≈≈≈≈≈≈≈≈≈≈≈≈≈P.≈≈P≈PP..####.
≈≈≈≈≈≈≈≈≈≈≈≈≈..≈≈≈≈.≈≈.≈....## #.
≈≈≈≈≈≈≈≈≈≈≈.###.≈≈≈≈≈≈PP..≈..###.
≈(.≈≈≈≈≈≈≈≈.###..≈.#....≈≈≈......
≈....P.≈≈≈≈≈...YYY##...≈≈≈≈≈≈....
P###.....≈≈≈≈≈≈≈@Y....≈≈≈≈≈≈≈..≈≈
.# #P..(..≈≈≈≈≈C≈≈≈≈≈≈≈≈≈≈≈≈≈≈≈≈≈
.# #...###.≈≈≈≈≈≈≈≈≈≈≈≈≈≈≈≈≈≈≈≈≈≈
.####..###.≈≈≈≈≈≈≈≈≈≈≈≈≈≈≈≈≈≈≈≈≈≈
..#.....##..≈.≈≈≈≈≈.≈≈≈≈≈≈≈≈≈≈≈≈≈
>...........##..≈≈..≈≈≈≈≈≈≈≈≈≈≈≈≈
...........##..≈≈≈..≈≈≈≈≈≈≈≈≈≈≈≈.
.P#...........≈≈≈≈≈.≈≈≈≈≈≈≈..≈≈≈≈
.............≈....###.≈≈≈..≈≈≈≈≈≈


You could see Polyphemus, 3 death yaks and a catoblepas.

Vanquished Creatures
  Rupert (D:14)
  A kraken (Shoals:1)
  Gastronok (Lair:3)
  Donald (Shoals:2)
  A frost giant (IceCv)
  A nagaraja (Snake:3)
  An orc warlord (D:11)
  Azrael (D:12)
  A merfolk impaler (Shoals:2)
  A minotaur (Lab)
  A yaktaur captain (D:15)
  3 hydras
  8 naga warriors
  4 vault guards (D:13)
  2 merfolk avatars (Shoals:2)
  6 centaur warriors
  10 two-headed ogres
  Urug (D:15)
  A satyr (Shoals:2)
  A death yak (IceCv)
  An orc high priest (Orc:1)
  4 naga sharpshooters (Snake:3)
  2 tengu warriors
  Nergalle (D:12)
  5 shock serpents
  The ghost of Scypier the Carver, a novice DsGl of Makhleb (D:7)
  4 sea snakes
  A sixfirhy (Lair:6)
  4 unseen horrors
  A wizard (Lair:6)
  2 naga ritualists
  5 mana vipers
  2 orc knights
  4 deep elf magi
  2 orc sorcerers
  2 salamanders
  11 fauns
  An oklob plant (Lair:6)
  9 ugly things
  3 cyclopes
  6 manticores
  3 elephants (Lair:5)
  Joseph (D:8)
  7 merfolk sirens
  A gargoyle (D:11)
  20 black mambas
  A guardian serpent (Snake:3)
  A smoke demon (Lair:6)
  5 naga magi
  A water nymph (Shoals:2)
  An ice statue (IceCv)
  3 orange demons (Lair:6)
  17 spiny frogs
  2 yaktaurs
  8 komodo dragons
  A kobold demonologist (D:14)
  4 rime drakes
  An efreet (D:15)
  3 ice devils (Lair:6)
  5 trolls
  A tengu conjurer (D:14)
  16 polar bears
  Prince Ribbit (D:8)
  6 merfolk
  A queen bee (D:9)
  3 wind drakes
  10 blink frogs
  5 snapping turtles
  11 dream sheep
  8 hippogriffs
  3 shadows
  A water elemental (Shoals:2)
  41 yaks
  A wraith (D:9)
  2 fire elementals
  2 hungry ghosts
  4 vampire mosquitoes
  3 basilisks
  3 wyverns
  Grum (D:8)
  Edmund (D:4)
  An acid dragon (D:12)
  3 wargs
  26 nagas
  A soldier ant (D:12)
  9 hell hounds
  11 water moccasins
  13 porcupines
  40 orc warriors
  2 sky beasts
  5 ice beasts
  4 black bears
  4 phantoms
  21 wolves
  An eye of draining (D:10)
  21 centaurs
  A necrophage (D:10)
  8 ogres
  11 crocodiles
  3 big kobolds
  23 bullfrogs
  4 scorpions
  28 killer bees
  6 howler monkeys
  5 crimson imps
  2 quasits
  3 iron imps (D:5)
  9 orc priests
  11 hounds
  5 centaur skeletons
  5 jellies
  18 orc wizards
  2 bullfrog skeletons (D:11)
  A gnoll shaman (D:9)
  2 iguanas
  Natasha (thrice) (D:2)
  9 worker ants
  The ghost of Sapher the Grave Robber, a weakling GnNe (D:4)
  A hound zombie (D:7)
  A worker ant zombie (D:9)
  7 gnolls (D:9)
  16 adders
  3 shadow imps
  12 white imps (Lair:6)
  2 oozes
  An adder skeleton (D:7)
  2 worms
  3 dart slugs
  4 leopard geckos
  66 orcs
  6 bats
  2 giant cockroaches
  15 goblins
  9 hobgoblins
  7 jackals
  2 quokkas
  4 ball pythons
  3 frilled lizards
  22 kobolds
  A leopard gecko skeleton (D:5)
  11 rats
  A bush (Shoals:1)
  7 fungi
  6 plants
  4 tentacles (Shoals:1)
867 creatures vanquished.

Vanquished Creatures (others)
  2 polar bears (IceCv)
  A yak (IceCv)
  3 wolves (IceCv)
  An orc wizard (Orc:2)
  A kobold (D:7)
  7 fungi
  3 plants
  9 tentacles (Shoals:1)
27 creatures vanquished.

Grand Total: 894 creatures vanquished

Notes
Turn   | Place    | Note
-------+----------+-------------------------------------------
     0 | D:1      | Peloso the Minotaur Fighter began the quest for the Orb.
     0 | D:1      | Reached XP level 1. HP: 19/19 MP: 0/0
    42 | D:1      | Reached XP level 2. HP: 27/27 MP: 1/1
   123 | D:1      | Reached skill level 4 in Shields
   520 | D:1      | Reached XP level 3. HP: 33/33 MP: 2/2
   616 | D:1      | You fall through a shaft!
   842 | D:2      | Noticed Natasha
   855 | D:2      | Killed Natasha
   855 | D:2      | Reached XP level 4. HP: 18/40 MP: 3/3
   973 | D:2      | Noticed Natasha
   978 | D:2      | Killed Natasha
  1150 | D:2      | Noticed Natasha
  1156 | D:2      | Killed Natasha
  1156 | D:2      | Reached skill level 1 in Dodging
  1156 | D:2      | Reached XP level 5. HP: 39/47 MP: 4/4
  1466 | D:3      | Found a hide-covered altar of Uskayaw.
  1490 | D:3      | Found Zin's Purification Station.
  1575 | D:3      | Found an ornate altar of the Wu Jian Council.
  1596 | D:3      | Found a glowing silver altar of Zin.
  1671 | D:3      | Found a stormy altar of Qazlal.
  1726 | D:3      | Found a shattered altar of Ashenzari.
  1862 | D:3      | You fall through a shaft for 3 floors!
  1909 | D:6      | Reached XP level 6. HP: 51/53 MP: 5/5
  1912 | D:6      | Reached skill level 5 in Long Blades
  1912 | D:6      | Reached skill level 5 in Shields
  1953 | D:5      | Entered Level 5 of the Dungeon
  2048 | D:5      | Found a hazy altar of Hepliaklqana.
  2073 | D:4      | Noticed Sapher's ghost (weakling GnNe)
  2113 | D:4      | Found a shattered altar of Ashenzari.
  2145 | D:4      | Found Ruyscheida's General Store.
  2351 | D:4      | Killed Sapher's ghost
  2351 | D:4      | Reached XP level 7. HP: 30/60 MP: 6/6
  2433 | D:4      | Reached skill level 5 in Armour
  2753 | D:4      | Noticed Edmund
  2778 | D:4      | Killed Edmund
  2778 | D:4      | Reached skill level 5 in Fighting
  2778 | D:4      | Reached skill level 6 in Shields
  3268 | D:5      | Reached skill level 7 in Shields
  3277 | D:5      | Found a bloodstained altar of Trog.
  3416 | D:5      | Found a burning altar of Makhleb.
  3428 | D:5      | Reached XP level 8. HP: 68/68 MP: 7/7
  3556 | D:6      | Found a staircase to the Ecumenical Temple.
  3596 | Temple   | Entered the Ecumenical Temple
  3652 | Temple   | Became a worshipper of Warmaster Okawaru
  3840 | D:6      | Found a basalt altar of Yredelemnul.
  4134 | D:6      | Found a shadowy altar of Dithmenos.
  4422 | D:7      | Noticed Scypier's ghost (novice DsGl)
  4596 | D:7      | Killed Scypier's ghost
  4596 | D:7      | Reached * piety under Okawaru
  4596 | D:7      | Reached skill level 8 in Shields
  4949 | D:7      | Reached XP level 9. HP: 74/74 MP: 8/8
  5050 | D:7      | Found a deep blue altar of Sif Muna.
  5275 | D:8      | Reached skill level 9 in Shields
  5353 | D:8      | Reached ** piety under Okawaru
  5365 | D:8      | Noticed Grum
  5382 | D:8      | Killed Grum
  5440 | D:8      | Noticed a two-headed ogre
  5451 | D:8      | Killed a two-headed ogre
  5451 | D:8      | Reached skill level 10 in Long Blades
  5451 | D:8      | Reached skill level 10 in Shields
  5589 | D:8      | Noticed Joseph
  5594 | D:8      | Noticed Prince Ribbit
  5617 | D:8      | Killed Joseph
  5617 | D:8      | Reached *** piety under Okawaru
  5617 | D:8      | Reached XP level 10. HP: 77/84 MP: 6/9
  5665 | D:8      | Killed Prince Ribbit
  5728 | D:8      | Reached skill level 11 in Shields
  5844 | D:8      | Noticed a two-headed ogre
  5860 | D:8      | Killed a two-headed ogre
  5860 | D:8      | Reached **** piety under Okawaru
  6331 | D:9      | Reached skill level 12 in Shields
  7054 | D:10     | Entered Level 10 of the Dungeon
  7106 | D:10     | Reached ***** piety under Okawaru
  7150 | D:10     | Noticed a two-headed ogre
  7167 | D:10     | Killed a two-headed ogre
  7167 | D:10     | Reached skill level 1 in Stealth
  7167 | D:10     | Reached XP level 11. HP: 88/92 MP: 7/10
  7321 | D:10     | Noticed a two-headed ogre
  7331 | D:10     | Killed a two-headed ogre
  7331 | D:10     | Received a gift from Okawaru
  7369 | D:10     | Reached skill level 5 in Dodging
  7389 | D:10     | Reached skill level 1 in Invocations
  7526 | D:10     | Found a portal to a secret trove of treasure.
  7649 | D:10     | Noticed a two-headed ogre
  7670 | D:10     | Killed a two-headed ogre
  7672 | D:10     | Reached skill level 13 in Shields
  7779 | D:10     | Got a brightly glowing falchion
  7780 | D:10     | Identified the +1 falchion of Xuerchell {slice, rF+ Dex+3} (You found it on level 10 of the Dungeon)
  7915 | D:11     | Noticed a white ugly thing
  7924 | D:11     | Killed a white ugly thing
  7926 | D:11     | Found a staircase to the Lair.
  8131 | D:11     | Found a staircase to the Orcish Mines.
  8216 | D:11     | Found Etag's Serpentskin Sales.
  8361 | D:11     | Received a gift from Okawaru
  8802 | D:11     | Noticed a green ugly thing
  8835 | D:11     | Killed a green ugly thing
  9199 | D:12     | Reached skill level 14 in Shields
  9250 | D:12     | Noticed a two-headed ogre
  9279 | D:11     | Killed a two-headed ogre
  9415 | D:12     | Reached XP level 12. HP: 76/103 MP: 12/12
  9840 | D:12     | Noticed Azrael
 10046 | D:12     | Killed Azrael
 10172 | D:12     | Noticed Nergalle
 10416 | D:12     | Killed Nergalle
 10760 | Lair:1   | Entered Level 1 of the Lair of Beasts
 11139 | Lair:1   | Received a gift from Okawaru
 11202 | Lair:1   | Received a gift from Okawaru
 11202 | Lair:1   | Reached skill level 10 in Armour
 11205 | Lair:1   | Got an ancient great sword {god gift}
 11927 | Lair:1   | Identified the +12 great sword of the Spider Nest {drain, SInv} (Okawaru gifted it to you on level 1 of the Lair of Beasts)
 12110 | Lair:2   | Reached skill level 15 in Shields
 12489 | Lair:2   | Found an ancient bone altar of Kikubaaqudgha.
 12911 | Lair:3   | Noticed a five-headed hydra
 12923 | Lair:3   | Killed a one-headed hydra
 12927 | Lair:3   | Received a gift from Okawaru
 12936 | Lair:3   | Identified a +0 pair of boots of running (Okawaru gifted it to you on level 3 of the Lair of Beasts)
 13302 | Lair:3   | Found a staircase to the Shoals.
 13421 | Lair:3   | Found a staircase to the Snake Pit.
 13440 | Lair:3   | Reached XP level 13. HP: 72/112 MP: 14/14
 13509 | Lair:3   | Noticed Gastronok
 13523 | Lair:3   | Killed Gastronok
 14258 | Lair:4   | Reached skill level 10 in Fighting
 14868 | Lair:5   | Received a gift from Okawaru
 14882 | Lair:5   | Reached ****** piety under Okawaru
 15005 | Lair:5   | Reached skill level 16 in Shields
 15110 | Lair:5   | Found a staircase to the Slime Pits.
 15394 | Lair:6   | Entered Level 6 of the Lair of Beasts
 15547 | Lair:6   | Found a frozen archway.
 15753 | IceCv    | Entered an ice cave
 16491 | IceCv    | Noticed a frost giant
 16533 | IceCv    | Killed a frost giant
 16533 | IceCv    | Received a gift from Okawaru
 16533 | IceCv    | Reached skill level 17 in Shields
 16583 | IceCv    | Got an iridescent long sword {god gift}
 16584 | IceCv    | Identified the +5 long sword "Laofisao" {drain, rN+ Dex+2} (Okawaru gifted it to you in an ice cave)
 16634 | IceCv    | Identified the Compendium of Feathery Conjuration
 17147 | Lair:6   | Reached XP level 14. HP: 122/122 MP: 15/15
 17384 | Lair:6   | Found a burning altar of Makhleb.
 17419 | Lair:6   | Reached skill level 15 in Long Blades
 17464 | Lair:6   | Found a gateway to Hell.
 17823 | Lair:6   | Received a gift from Okawaru
 19082 | Orc:1    | Entered Level 1 of the Orcish Mines
 19082 | Orc:1    | Noticed an orc warlord
 19175 | D:11     | Killed an orc warlord
 19684 | Orc:1    | Reached skill level 18 in Shields
 19770 | Orc:1    | Found a roughly hewn altar of Beogh.
 19815 | Orc:2    | Entered Level 2 of the Orcish Mines
 19821 | Orc:2    | Found a staircase to the Elven Halls.
 20038 | Orc:2    | Found a roughly hewn altar of Beogh.
 20665 | Orc:2    | Received a gift from Okawaru
 20737 | Orc:2    | Found Wamn's Armour Boutique.
 20737 | Orc:2    | Found Keyffuet's Armour Emporium.
 20739 | Orc:2    | Found Bory Nie's Antique Weapon Shoppe.
 20741 | Orc:2    | Found Revufoz's Distillery.
 21052 | Orc:1    | Found a roughly hewn altar of Beogh.
 21276 | D:13     | Found a gate to the Vaults.
 21299 | D:13     | Found a labyrinth entrance.
 21400 | Lab      | Entered a labyrinth
 21738 | D:13     | Received a gift from Okawaru
 21755 | D:13     | Got a heavily runed cloak {god gift}
 21766 | D:13     | Identified the +5 cloak of Surprise {+Blink rPois rF+ Int+3} (Okawaru gifted it to you on level 13 of the Dungeon)
 21853 | D:13     | Reached XP level 15. HP: 119/133 MP: 16/16
 22342 | D:14     | Reached skill level 19 in Shields
 22562 | D:14     | Noticed Rupert
 22578 | D:14     | Killed Rupert
 23339 | D:15     | Entered Level 15 of the Dungeon
 23414 | D:15     | Noticed Urug
 23429 | D:15     | Killed Urug
 23753 | D:15     | Found a staircase to the Depths.
 23773 | D:15     | Received a gift from Okawaru
 24677 | Shoals:1 | Entered Level 1 of the Shoals
 24746 | Shoals:1 | Noticed a kraken
 24885 | Shoals:1 | Killed a kraken
 25253 | Shoals:1 | Reached skill level 20 in Shields
 25903 | Snake:1  | Entered Level 1 of the Snake Pit
 26027 | Snake:1  | Received a gift from Okawaru
 26035 | Snake:1  | Got a pair of dazzling boots {god gift}
 26046 | Snake:1  | Identified the +0 pair of boots of the Salamander {+Fly rF+ rN+ Dex+4} (Okawaru gifted it to you on level 1 of the Snake Pit)
 26568 | Snake:1  | Found Mayj's Weapon Shop.
 26572 | Snake:1  | Found Ischeap's Jewellery Boutique.
 26573 | Snake:1  | Found Obuavaor's Distillery.
 26578 | Snake:1  | Bought the ring "Laakh" {rElec rPois EV+3 Str+3 Dex-2} for 536 gold pieces
 26580 | Snake:1  | Bought a potion of curing for 39 gold pieces
 26580 | Snake:1  | Bought a potion of curing for 39 gold pieces
 27613 | Snake:2  | Reached XP level 16. HP: 125/144 MP: 17/17
 27728 | Snake:2  | Found Zuzamumn's Jewellery Shoppe.
 27729 | Snake:2  | Found Rim Uvurr's Gadget Shop.
 27730 | Snake:2  | Found Xoelatic's Jewellery Shoppe.
 28622 | Snake:3  | Found a glowing silver altar of Zin.
 29051 | Snake:3  | Received a gift from Okawaru
 29061 | Snake:3  | Got a distressingly furry chain mail {god gift}
 29083 | Snake:3  | Identified the +0 chain mail of Okawaru's Supremacy {Dex+4} (Okawaru gifted it to you on level 3 of the Snake Pit)
 29827 | Shoals:2 | Reached skill level 21 in Shields
 29828 | Shoals:2 | Found Ischarino's Antique Armour Shoppe.
 29836 | Shoals:2 | Noticed Donald
 29860 | Shoals:2 | Killed Donald
 30188 | Shoals:2 | Bought a shimmering chain mail for 275 gold pieces
 30227 | Shoals:2 | Identified the cursed +0 chain mail of Morality {rF+ Regen+ SInv Stlth+} (You bought it in a shop on level 2 of the Shoals)
 31317 | Shoals:3 | Noticed Polyphemus
 31331 | Shoals:2 | HP: 7/146 [catoblepas[Polyphemus] (5)]
 31331 | Shoals:2 | Mangled by Polyphemus

Skill      XL: |  1  2  3  4  5  6  7  8  9 10 11 12 13 14 15 16 |
---------------+-------------------------------------------------+-----
Shields        | 4 5 7 8 10 12 14 15 17 18 20 21 | 21.3
Fighting       | 4 5 6 7 8 9 10 12 13 14 | 14.2
Armour         | 4 5 6 7 8 9 10 11 12 13 14 | 14.3
Long Blades    | 3 4 5 6 8 10 11 12 13 14 15 16 | 16.9
Dodging        | 1 2 3 4 5 6 7 |  7.2
Stealth        | 1 2 |  2.0
Invocations    | 2 3 |  3.3
Evocations     | |  0.9

Action                   |  1- 3 |  4- 6 |  7- 9 | 10-12 | 13-15 | 16-18 || total
-------------------------+-------+-------+-------+-------+-------+-------++-------
Melee: Long sword        |    85 |   163 |       |       |   865 |       ||  1113
       Headbutt          |    11 |    28 |    71 |   310 |   525 |    81 ||  1026
       Falchion          |       |    19 |   331 |  1032 |   644 |       ||  2026
       Scimitar          |       |       |       |     9 |    20 |       ||    29
       Double sword      |       |       |       |       |   352 |   361 ||   713
Invok: Heroism           |       |       |     2 |     9 |    13 |     2 ||    26
Evoke: Wand              |       |       |       |     7 |     2 |       ||     9
  Use: Scroll            |       |     5 |     8 |     7 |    13 |     5 ||    38
       Potion            |       |       |       |       |     4 |       ||     4
  Eat: Chunk             |       |     5 |     7 |    19 |    39 |     5 ||    75
       Ration            |       |       |     1 |     2 |     2 |     2 ||     7
Armor: Scale mail        |    58 |    24 |       |       |       |       ||    82
       Chain mail        |       |    89 |    79 |   211 |     9 |    62 ||   450
       Plate armour      |       |       |       |       |   629 |    79 ||   708
Dodge: Dodged            |    21 |    47 |    59 |   225 |   455 |   104 ||   911
Block: Shield            |    51 |   131 |   270 |   908 |  1333 |   257 ||  2950
       Reflection        |       |       |     5 |    14 |       |     9 ||    28
       Rpst.: Long sword |     7 |     7 |       |       |    34 |       ||    48
       Falchion          |       |       |    15 |    64 |    39 |       ||   118
       Scimitar          |       |       |       |     1 |     1 |       ||     2
       Double sword      |       |       |       |       |    26 |    19 ||    45
